Map: Nightshade LE

Players

mAlloc - Winner!

  • Race: Terran Terran
  • League: Silver
  • Spawn Location: 11:00

antagomiR

  • Race: Protoss Protoss
  • League: Gold
  • Spawn Location: 5:00

VOD

Have the link to the VOD?

Description

Time

  • Played on: April 7, 2020, 11:49 p.m.
  • Length: 6:03
Show
View Real Time Build Order
Export as new Build Order

mAlloc Terran - Winner!

Build Orders:  

Get SALT Encoding   

  12  0:01  SCV  
  13  0:13  SCV  
  14  0:17  Supply Depot  
  14  0:25  SCV  
  15  0:38  SCV  
  15  0:41  Barracks  
  16  0:46  Refinery  
  16  0:50  SCV  
  17  1:03  Barracks  
  17  1:04  SCV  
  18  1:18  SCV  
  19  1:44  Barracks Tech Lab  
  19  1:48  Orbital Command  
  19  1:59  Barracks Reactor  
  19  2:04  Marauder  
  21  2:14  SCV  
  22  2:24  Supply Depot  
  22  2:35  Marine  
  23  2:43  Supply Depot  
  23  2:45  Marine  
  23  2:49  SCV  
  23  2:51  Marauder  
  27  2:52  Command Center  
  27  2:54  Concussive Shells  
  27  2:59  Marine  
  27  3:00  Refinery  
  27  3:02  SCV  
  29  3:06  Marine  
  29  3:12  Marauder  
  32  3:14  SCV  
  32  3:16  Factory  
  33  3:24  Marine  
  33  3:25  Marine  
  33  3:27  SCV  
  36  3:34  Marauder  
  38  3:35  Supply Depot  
  38  3:51  Marine x2  
  39  3:57  Marauder  
  41  4:07  Factory Tech Lab  
  41  4:08  Supply Depot  
  41  4:09  Marine x2  
  42  4:19  Marauder  
  44  4:27  Marine  
  45  4:40  Marauder  
  45  4:44  Marine  
  45  4:45  Marine  
  45  5:01  Marauder  
  45  5:02  Marine  
  45  5:03  Marine  
  49  5:20  Marine  
  49  5:21  Marine  
  51  5:23  Marauder  
  51  5:38  Marine x2  
Show
View Real Time Build Order
Export as new Build Order

antagomiR Protoss 

Build Orders: 1 Gate Expand 

Get SALT Encoding   

  12  0:01  Probe  
  13  0:13  Probe  
  14  0:18  Pylon  
  14  0:25  Probe  
  15  0:40  Gateway  
  15  0:43  Probe (Chrono Boost)  
  16  0:53  Probe (Chrono Boost)  
  16  0:54  Assimilator  
  17  0:57  Probe (Chrono Boost)  
  18  1:09  Probe  
  19  1:21  Probe  
  20  1:27  Nexus  
  20  1:46  Probe  
  21  1:50  Cybernetics Core  
  21  1:58  Probe  
  21  1:59  Pylon  
  22  2:11  Assimilator  
  22  2:12  Probe  
  23  2:24  Probe  
  24  2:32  Warp Gate (Chrono Boost)  
  24  2:41  Adept  
  26  2:46  Probe x2  
  28  2:58  Probe x2  
  28  3:01  Robotics Facility  
  30  3:10  Probe x2  
  30  3:11  Adept  
  34  3:20  Pylon  
  34  3:29  Probe  
  34  3:30  Probe  
  36  3:42  Probe x2  
  38  3:54  Probe x2  
  39  4:06  Probe x2  
  41  4:11  Stalker  
  35  4:56  Pylon  
  34  5:01  Immortal (Chrono Boost)  
  25  5:38  Stalker  
Tags
 
Matchup
PvT
Replay Pack
20200422
Spawn Locations
Cross Positions
Add a new tag
Caveats
  • Supply blocks, unpowered buildings, or Contaminate may cause inaccurate times.
  • Supply counts are checked every 10 seconds.